 Dungeon Crawl Stone Soup version 0.22.1-2-g9c5b331 (webtiles) character file.

190 colophon the Sneak (level 6, -1/52 HPs)
             Began as a Kobold Enchanter on Dec 5, 2018.
             Slain by an iguana (8 damage)
             ... on level 3 of the Dungeon.
             The game lasted 00:15:12 (3261 turns).

colophon the Sneak (Kobold Enchanter)               Turns: 3261, Time: 00:15:13

Health: -1/52      AC: 23    Str:  5    XL:     6   Next: 1%
Magic:  1/9        EV:  3    Int: 17    God:
Gold:   138        SH:  0    Dex: 17    Spells: 3/9 levels left

rFire    . . .     SeeInvis .   a - +1 dagger
rCold    . . .     Gourm    .   (shield restricted)
rNeg     + + +     Faith    .   (armour currently unavailable)
rPois    +         Spirit   .   (helmet currently unavailable)
rElec    .         Reflect  .   (cloak currently unavailable)
rCorr    .         Harm     .   (gloves currently unavailable)
MR       .....     NoTele   +   (boots currently unavailable)
Stlth    +++.......             (no amulet)
HPRegen  0.17/turn              (no ring)
MPRegen  0.11/turn              (no ring)

@: tree-form
A: small, carnivore
a: no special abilities


You were on level 3 of the Dungeon.
You were very full.
You were a tree.
You visited 1 branch of the dungeon, and saw 3 of its levels.

You collected 138 gold pieces.

Inventory:

Hand Weapons
 a - a +1 dagger (weapon)
Missiles
 t - 27 bolts
Armour
 b - a +0 robe (melded)
 g - a +0 pair of gloves (melded)
Jewellery
 m - an uncursed amulet of magic regeneration {unknown}
 r - an uncursed ring of resist corrosion {unknown}
Scrolls
 c - a scroll of enchant weapon {unknown}
 e - a scroll of remove curse {unknown}
 f - a scroll of teleportation {unknown}
 i - a scroll of fog {unknown}
 s - a scroll of enchant armour {unknown}
Potions
 j - a potion of haste {unknown}
 k - a potion of might {unknown}
 l - a potion of agility {unknown}
 n - a potion of flight {unknown}
 o - a potion of ambrosia {unknown}
 p - a potion of degeneration {unknown}
 q - a potion of curing {unknown}
Comestibles
 d - 5 rations


   Skills:
 + Level 1.9 Fighting
 + Level 3.3 Short Blades
 + Level 3.7 Dodging
 + Level 5.2 Stealth
 - Level 2.1 Spellcasting
 + Level 3.8 Hexes
 - Level 1.0 Ice Magic


You had 3 spell levels left.
You knew the following spells:

 Your Spells              Type           Power        Failure   Level  Hunger
a - Corona                Hex            ##.....      4%          1    #......
b - Ensorcelled Hibernat  Hex/Ice        ##....       11%         2    ###....
c - Confuse               Hex            ##......     12%         3    ###....

Your spell library contained the following spells:

 Spells                   Type           Power        Failure   Level  Hunger
 Tukima's Dance           Hex            ##......     12%         3    ###....
 Dazzling Spray           Conj/Hex       #.....       26%         3    ###....


Dungeon Overview and Level Annotations

Branches:
Dungeon (3/15)

Altars:

Annotations:
D:2 Terence


Innate Abilities, Weirdness & Mutations

You are small and have problems with some larger weapons.
You are carnivorous and can eat meat at any time.


Message History

The iguana is lightly wounded.
The iguana closely misses you.
You hit the iguana but do no damage.
The iguana is lightly wounded.
The iguana closely misses you.
You hit the iguana but do no damage.
The iguana is lightly wounded.
The iguana bites you.
* * * LOW HITPOINT WARNING * * *
It was a potion of lignification.
You turn into a tree.
Your +0 pair of gloves melds into your body.
Your +0 robe melds into your body.
Your roots penetrate the ground.
The iguana stops glowing.
The iguana barely misses you.
You hit the iguana but do no damage.
The iguana is lightly wounded.
The iguana barely misses you.
You barely miss the iguana.
The iguana is lightly wounded.
The iguana bites you!
You die...

....######.....####
#.#
..........l...J.###
#.#
###.....##.##...#
#.#
##.######.###.##
#.# ##..#
#.....#####.#
###..##
###..##.....#
.....# ##...#...>.#
..##..#
#<.#l#.....#
..###.#
###.##♣......# .##
...###...#........#
..
##.........##.....#
...
.|......#####.....#
.## ...##....
#####.# ## ##
#..### #.# ...# .#
.##. #.


You could see an iguana.

Vanquished Creatures
  Natasha (thrice) (D:2)
  5 adders
  3 oozes
  A worm (D:2)
  3 dart slugs (D:1)
  3 leopard geckos
  4 goblins
  8 hobgoblins
  6 kobolds
  A quokka (D:3)
  8 bats
  2 frilled lizards (D:1)
  6 rats
53 creatures vanquished.

Notes
Turn   | Place    | Note
-------+----------+-------------------------------------------
     0 | D:1      | colophon the Kobold Enchanter began the quest for the Orb.
     0 | D:1      | Reached XP level 1. HP: 10/10 MP: 3/3
   151 | D:1      | Reached XP level 2. HP: 16/16 MP: 3/5
   155 | D:1      | Learned a level 2 spell: Ensorcelled Hibernation
   733 | D:1      | Reached XP level 3. HP: 1/20 MP: 0/6
   741 | D:1      | Learned a level 3 spell: Confuse
  1101 | D:1      | Reached skill level 1 in Fighting
  1321 | D:2      | Noticed Natasha
  1324 | D:2      | Killed Natasha
  1324 | D:2      | Reached XP level 4. HP: 25/25 MP: 7/7
  1380 | D:2      | Noticed Natasha
  1397 | D:2      | Killed Natasha
  1791 | D:2      | Reached XP level 5. HP: 29/29 MP: 5/8
  2090 | D:2      | Reached skill level 5 in Stealth
  2090 | D:2      | Reached skill level 1 in Ice Magic
  2197 | D:2      | Noticed Natasha
  2212 | D:2      | Killed Natasha
  2621 | D:2      | Noticed Terence
  3247 | D:3      | Reached XP level 6. HP: 24/35 MP: 1/9
  3261 | D:3      | Slain by an iguana

Skill      XL: |  1  2  3  4  5 |
---------------+----------------+-----
Short Blades   | 2 3 |  3.3
Fighting       | 1 |  1.9
Dodging        | 3 |  3.7
Stealth        | 5 |  5.2
Ice Magic      | 1 |  1.0
Spellcasting   | |  2.1
Hexes          | |  3.8

Action                   |  1- 3 |  4- 6 || total
-------------------------+-------+-------++-------
Melee: Dagger            |    56 |   122 ||   178
 Cast: Corona            |     8 |     3 ||    11
       Ensorcelled Hiber |     6 |    33 ||    39
  Use: Potion            |       |     1 ||     1
 Stab: Sleeping          |    11 |    22 ||    33
  Eat: Chunk             |    10 |     7 ||    17
Armor: Robe              |     6 |    20 ||    26
Dodge: Dodged            |    39 |   112 ||   151
